 Dungeon Crawl Stone Soup version 0.31-a0-237-g2d982f9f85 (webtiles) character file.

Game seed: 4363401075409580899

15012 qw the Skirmisher (level 11, -13/95 (97) HPs)
             Began as a Minotaur Hexslinger on July 10, 2023.
             Was an Elder of Okawaru.
             Mangled by a profane servitor
             ... wielding a +1 antimagic whip
              (18 damage)
             ... on level 3 of the Abyss.
             The game lasted 00:03:24 (10627 turns).

qw the Skirmisher (Minotaur Hexslinger)            Turns: 10627, Time: 00:03:25

HP:   -13/95 (97)   AC:  7    Str: 17    XL:     11   Next: 96%
MP:   0/16          EV: 31    Int: 13    God:    Okawaru [****..]
Gold: 626           SH:  0    Dex: 27    Spells: 11/12 levels left

rFire   . . .        a - +7 hand crossbow of Responsibility {penet, rElec Int+4 Dex+5}
rCold   + + .        (no shield)
rNeg    . . .        d - +2 robe {rC+}
rPois   .            (helmet restricted)
rElec   +            (no cloak)
rCorr   .            g - +0 pair of gloves
SInv    .            p - +0 pair of boots "Hinkih" {rC+}
Will    .....        (no amulet)
Stlth   ++++         i - +6 ring of dexterity
HPRegen 0.35/turn    o - +5 ring of evasion
MPRegen 0.15/turn

%: no passive effects
@: heroic, wreathed by umbra, lightly drained
A: horns 2, retaliatory headbutt, sense surroundings 1, strong 1, MP-powered
wands
a: Renounce Religion, Heroism, Finesse


You were on level 3 of the Abyss.
You worshipped Okawaru.
Okawaru was greatly pleased with you.
You visited 2 branches of the dungeon, and saw 12 of its levels.
You visited the Abyss 1 time.

You collected 626 gold pieces.


Innate Abilities, Weirdness & Mutations

You have a pair of horns on your head.
You reflexively headbutt those who attack you in melee.
You passively map a small area around you.
Your muscles are strong. (Str +4, Int/Dex -1)
You expend magic power (3 MP) to strengthen your wands.


   Skills:
 + Level 9.1(14.1) Fighting
 - Level 14.0(19.0) Ranged Weapons
 - Level 4.0(9.0) Armour
 - Level 9.4(14.4) Dodging
 - Level 1.0 Spellcasting
 - Level 2.0 Hexes
 + Level 9.1 Invocations


You had 11 spell levels left.
You knew the following spells:

 Your Spells              Type           Power      Damage    Failure   Level
a - Slow                  Hex            20%        N/A       12%         1

Your spell library contained the following spells:

 Spells                   Type           Power      Damage    Failure   Level
 Inner Flame              Hex/Fire       3%         N/A       50%         3
 Portal Projectile        Hex/Tloc       6%         N/A       50%         3
 Cause Fear               Hex            2%         N/A       77%         4

Inventory:

Hand Weapons
 a - the +7 hand crossbow of Responsibility (weapon) {penet, rElec Int+4 Dex+5}
   (You acquired it on level 1 of the Dungeon)

   Int:       It affects your intelligence (+4).
   Dex:       It affects your dexterity (+5).
   rElec:     It insulates you from electricity.
Armour
 d - a +2 robe of cold resistance (worn)
 f - a +0 troll leather armour
 g - a +0 pair of gloves (worn)
 p - the +0 pair of boots "Hinkih" (worn) {rC+}
   (You found it on level 9 of the Dungeon)

   rC:        It protects you from cold.
Jewellery
 i - a +6 ring of dexterity (left hand)
 o - a +5 ring of evasion (right hand)
 s - a ring of protection from fire
Wands
 h - a wand of digging (8)
Scrolls
 c - 2 scrolls of identify
 m - a scroll of brand weapon
Potions
 b - 3 potions of resistance
 e - 2 potions of might
 j - a potion of curing
 k - a potion of brilliance {unknown}
 l - a potion of haste
 n - a potion of berserk rage {unknown}
 q - a potion of heal wounds {unknown}
 t - a potion of mutation
 u - a potion of ambrosia {unknown}

Dungeon Overview and Level Annotations

Branches:
Dungeon (11/15)            Temple (1/1) D:5            Lair (0/5) D:11
    Orc: D:9-12

Altars:
Ashenzari
Cheibriados
Dithmenos
Elyvilon
Fedhas
Gozag
Hepliaklqana
Kikubaaqudgha
Makhleb
Nemelex Xobeh
Okawaru
Qazlal
Ru
Sif Muna
Trog
Uskayaw
Vehumet
Wu Jian
Xom
Yredelemnul
Zin
The Shining One

Shops:
D:4 =   D:6 *

Annotations:
D:4 1 runed translucent door, Crazy Yiuf


Message History

The profane servitor draws strength from your injuries!
The profane servitor completely misses you.
The shadow imp hits you.
You shoot a bolt.
The bolt barely misses the profane servitor.
The bolt pierces through the small abomination!
The small abomination is moderately damaged.
The profane servitor hits you with a +1 antimagic whip!
The profane servitor draws strength from your injuries!
You feel your power leaking away.
The profane servitor hits you with a +1 antimagic whip.
You feel your power leaking away. The shadow imp completely misses you.
The profane servitor completely misses you.
You furiously retaliate!
You headbutt the profane servitor.
The profane servitor completely misses you.
You shoot a bolt.
The bolt pierces through the profane servitor!
The profane servitor is lightly damaged.
The bolt pierces through the small abomination!
The small abomination is almost destroyed.
The profane servitor hits you with a +1 antimagic whip!!
The profane servitor draws strength from your injuries!
The profane servitor completely misses you.
The shadow imp misses you.
You shoot a bolt. The bolt misses the profane servitor.
The bolt pierces through the small abomination!!
You destroy the small abomination!
Okawaru accepts your kill.
The profane servitor hits you with a +1 antimagic whip!
The profane servitor draws strength from your injuries!
The profane servitor closely misses you.
The shadow imp misses you. The profane servitor barely misses you.
The profane servitor hits you with a +1 antimagic whip!
You feel drained.
You shoot a bolt.
The bolt pierces through the profane servitor!!!
The profane servitor is moderately damaged.
The profane servitor hits you with a +1 antimagic whip!!
You die...

.#.
#....#####
#..A@.#
#.##5.#
.### ##


You could see a profane servitor and a shadow imp.

Vanquished Creatures
  A tentacled monstrosity (Abyss:3)
  Josephine (D:10)
  Erolcha (D:9)
  Fannar (D:10)
  Harold (D:10)
  A two-headed ogre (D:9)
  A spatial maelstrom (Abyss:3)
  Amaemon (D:8)
  An ice statue (D:11)
  An orange demon (D:8)
  A kobold demonologist (D:11)
  An unseen horror (D:9)
  A troll (D:11)
  A hornet (D:7)
  A harpy skeleton (Abyss:3)
  2 large abominations (Abyss:3)
  5 wraiths (D:10)
  A wyvern (D:9)
  13 yaks
  2 ynoxinuls (Abyss:3)
  Edmund (D:6)
  A small abomination (Abyss:3)
  2 swamp worms (D:8)
  2 spatial vortices (Abyss:3)
  3 water moccasins
  An orc warrior (D:9)
  A black bear (D:5)
  2 ogres
  6 centaurs
  2 kobold brigands
  3 bullfrogs
  4 scorpions
  5 gnoll sergeants
  4 wights (D:7)
  A killer bee (D:8)
  5 howler monkeys
  3 hounds
  4 jellies
  5 orc priests
  6 iguanas
  4 sleepcaps
  4 orc wizards
  19 gnolls
  8 adders
  3 white imps
  8 ufetubi (D:11)
  3 worms
  3 dart slugs
  17 orcs
  4 bats
  9 endoplasms
  3 giant cockroaches
  9 goblins
  8 hobgoblins
  10 jackals
  9 quokkas
  7 ball pythons
  A frilled lizard (D:2)
  16 kobolds
  5 rats
249 creatures vanquished.

Vanquished Creatures (others)
  2 orc wizards (D:10)
2 creatures vanquished.

Grand Total: 251 creatures vanquished

Notes
Turn   | Place    | Note
-------+----------+-------------------------------------------
     0 | D:1      | qw the Minotaur Hexslinger began the quest for the Orb.
     0 | D:1      | Reached XP level 1. HP: 16/16 MP: 1/1
     0 | D:1      | 0 ||| qw: Version: 0.3-a-52-g30416fa
     0 | D:1      | 0 ||| qw: Game counter: 4985
     0 | D:1      | 0 ||| qw: Melee chars always use a shield: true
     0 | D:1      | 0 ||| qw: God list: Okawaru
     0 | D:1      | 0 ||| qw: Allow faded altars: false
     0 | D:1      | 0 ||| qw: Do Orc after clearing Dungeon:15 true
     0 | D:1      | 0 ||| qw: Do second Lair branch before Depths: true
     0 | D:1      | 0 ||| qw: Lair rune preference: random
     0 | D:1      | 0 ||| qw: Goals: Normal
     0 | D:1      | 0 ||| PLANNING D:1-11
   120 | D:1      | Reached skill level 3 in Ranged Weapons
   185 | D:1      | Reached XP level 2. HP: 23/23 MP: 2/2
   399 | D:1      | 399 ||| FLEEEEING.
   615 | D:1      | Found a faded altar of an unknown god.
   875 | D:1      | 875 ||| UPGRADING to +0 pair of gloves.
   880 | D:1      | 880 ||| UPGRADING to +0 ring mail.
   890 | D:1      | 890 ||| DROPPING +0 robe.
   891 | D:1      | 891 ||| READING scroll labelled CITWAGRUNA.
   892 | D:1      | 892 ||| READING scroll labelled WAKOENTEWUALO.
   893 | D:1      | 893 ||| READING 2 scrolls labelled ZUHIAHEI AHIE.
   894 | D:1      | 894 ||| READING scroll labelled YNUTAH ULIETUE.
   894 | D:1      | Identified a scroll of acquirement
   894 | D:1      | 894 ||| ACQUIRING +7 hand crossbow of Responsibility
                  | {penet, rElec Int+4 Dex+5}
   894 | D:1      | Acquired the +7 hand crossbow of Responsibility {penet,
                  | rElec Int+4 Dex+5}
   896 | D:1      | 896 ||| SWAPPING to +7 hand crossbow of Responsibility
                  | {penet, rElec Int+4 Dex+5}.
   897 | D:1      | 897 ||| DROPPING +1 sling.
   898 | D:1      | 898 ||| READING scroll labelled POTEPT TEOXUAFF.
   899 | D:1      | 899 ||| READING scroll labelled XINARPH SUNYPT.
   900 | D:1      | 900 ||| DROPPING scroll of poison.
   901 | D:1      | 901 ||| DROPPING scroll of fear.
  1036 | D:2      | 1036 ||| FLEEEEING.
  1053 | D:2      | Reached XP level 3. HP: 29/29 MP: 3/3
  1140 | D:2      | Reached skill level 4 in Ranged Weapons
  1254 | D:2      | Reached skill level 1 in Armour
  1388 | D:2      | 1388 ||| READING scroll labelled PIOHAU MARI.
  1540 | D:3      | Reached XP level 4. HP: 36/36 MP: 4/4
  1790 | D:3      | Noticed an ogre
  1799 | D:3      | Killed an ogre
  1800 | D:3      | Reached skill level 5 in Ranged Weapons
  1800 | D:3      | Reached XP level 5. HP: 41/41 MP: 5/5
  2676 | D:3      | Reached skill level 3 in Fighting
  2679 | D:3      | 2679 ||| DRINKING 2 green potions.
  2680 | D:3      | 2680 ||| DROPPING potion of magic.
  2823 | D:4      | Reached skill level 6 in Ranged Weapons
  2837 | D:4      | Reached XP level 6. HP: 52/52 MP: 6/6
  3061 | D:4      | Found Epnom's Jewellery Shoppe.
  3064 | D:4      | 3064 ||| SHOPLISTING amulet "Ikhuss" {Acrobat rPois} (535
                  | gold, have 184).
  3064 | D:4      | 3064 ||| SHOPLISTING amulet of Luse {rElec Regen+ Slay+3}
                  | (735 gold, have 184).
  3064 | D:4      | 3064 ||| SHOPLISTING ring "Bupruw" {Will+ Str+2} (470 gold,
                  | have 184).
  3064 | D:4      | 3064 ||| SHOPLISTING ring of protection from cold (325
                  | gold, have 184).
  3064 | D:4      | 3064 ||| SHOPLISTING ring of resist corrosion (260 gold,
                  | have 184).
  3064 | D:4      | 3064 ||| SHOPLISTING ring of see invisible (195 gold, have
                  | 184).
  3430 | D:4      | Reached skill level 7 in Ranged Weapons
  3453 | D:4      | Found a runed translucent door.
  3454 | D:4      | Noticed Crazy Yiuf
  3457 | D:4      | 3457 ||| UPGRADING to +6 ring of dexterity.
  3458 | D:4      | 3458 ||| UPGRADING to ring of willpower.
  3459 | D:4      | 3459 ||| READING scroll labelled QOSODW EKKYAN.
  3460 | D:4      | 3460 ||| READING scroll labelled DOG VYUHUNN.
  3461 | D:4      | 3461 ||| DRINKING 2 silvery potions.
  3462 | D:4      | 3462 ||| DRINKING 2 fuming purple potions.
  3502 | D:5      | Entered Level 5 of the Dungeon
  3506 | D:5      | Reached XP level 7. HP: 60/60 MP: 7/7
  3539 | D:5      | Found a hazy altar of Hepliaklqana.
  3567 | D:5      | Reached skill level 3 in Dodging
  3738 | D:5      | Reached skill level 8 in Ranged Weapons
  3779 | D:5      | 3779 ||| Stepping ~*~*~tactically~*~*~ (outnumbered).
  3781 | D:5      | 3781 ||| Stepping ~*~*~tactically~*~*~ (outnumbered).
  3786 | D:5      | 3786 ||| Stepping ~*~*~tactically~*~*~ (outnumbered).
  3793 | D:5      | 3793 ||| FLEEEEING.
  3795 | D:5      | 3795 ||| FLEEEEING.
  3796 | D:5      | 3796 ||| FLEEEEING.
  3797 | D:5      | 3797 ||| FLEEEEING.
  3798 | D:5      | 3798 ||| FLEEEEING.
  3799 | D:5      | 3799 ||| FLEEEEING.
  3800 | D:5      | 3800 ||| FLEEEEING.
  3801 | D:5      | 3801 ||| FLEEEEING.
  3803 | D:5      | 3803 ||| STAIRDANCE
  3992 | D:5      | Found a staircase to the Ecumenical Temple.
  3993 | D:5      | 3993 ||| PLANNING TEMPLE
  4001 | Temple   | Entered the Ecumenical Temple
  4131 | Temple   | 4131 ||| PLANNING OKAWARU WORSHIP
  4230 | Temple   | Became a worshipper of Warmaster Okawaru
  4231 | Temple   | 4231 ||| PLANNING D:1-11
  4264 | D:5      | Reached XP level 8. HP: 68/68 MP: 8/8
  4757 | D:5      | 4757 ||| UPGRADING to +5 ring of evasion.
  4759 | D:5      | 4759 ||| DROPPING ring of willpower.
  4760 | D:5      | 4760 ||| READING 2 scrolls of identify.
  4760 | D:5      | 4760 ||| IDENTIFYING fizzy yellow potion
  4761 | D:5      | 4761 ||| DROPPING potion of degeneration.
  4853 | D:6      | Found Zedej's CLEARANCE SALE!.
  4864 | D:6      | Reached skill level 9 in Ranged Weapons
  4922 | D:6      | Reached skill level 6 in Fighting
  4938 | D:6      | 4938 ||| FLEEEEING.
  4939 | D:6      | 4939 ||| FLEEEEING.
  5042 | D:6      | Reached * piety under Okawaru
  5166 | D:6      | 5166 ||| Stepping ~*~*~tactically~*~*~ (outnumbered).
  5168 | D:6      | 5168 ||| Stepping ~*~*~tactically~*~*~ (outnumbered).
  5169 | D:6      | 5169 ||| Stepping ~*~*~tactically~*~*~ (outnumbered).
  5180 | D:6      | Reached skill level 1 in Invocations
  5330 | D:6      | 5330 ||| INVOKING Heroism.
  5332 | D:6      | Reached skill level 10 in Ranged Weapons
  5449 | D:6      | Noticed Edmund
  5450 | D:6      | 5450 ||| INVOKING Heroism.
  5454 | D:6      | Killed Edmund
  5539 | D:6      | 5539 ||| READING 2 scrolls of identify.
  5539 | D:6      | 5539 ||| IDENTIFYING orange potion
  5565 | D:7      | 5565 ||| INVOKING Heroism.
  5586 | D:7      | Reached skill level 3 in Invocations
  5587 | D:7      | Reached XP level 9. HP: 75/75 MP: 10/10
  5660 | D:7      | 5660 ||| Stepping ~*~*~tactically~*~*~ (outnumbered).
  5663 | D:7      | 5663 ||| FLEEEEING.
  5664 | D:7      | 5664 ||| FLEEEEING.
  5665 | D:7      | 5665 ||| FLEEEEING.
  5666 | D:7      | 5666 ||| FLEEEEING.
  5667 | D:7      | 5667 ||| FLEEEEING.
  5668 | D:7      | 5668 ||| FLEEEEING.
  5669 | D:7      | 5669 ||| FLEEEEING.
  5670 | D:7      | 5670 ||| FLEEEEING.
  5671 | D:7      | 5671 ||| FLEEEEING.
  5767 | D:7      | Reached ** piety under Okawaru
  6771 | D:8      | Reached skill level 11 in Ranged Weapons
  6818 | D:8      | Found a hide-covered altar of Uskayaw.
  6885 | D:8      | Reached skill level 6 in Dodging
  6908 | D:8      | 6908 ||| INVOKING Heroism.
  6922 | D:8      | Reached skill level 3 in Armour
  7083 | D:8      | Found a shadowy altar of Dithmenos.
  7083 | D:8      | Found a shimmering altar of Xom.
  7243 | D:8      | Noticed Amaemon
  7244 | D:8      | 7244 ||| INVOKING Heroism.
  7246 | D:8      | Noticed an orange demon
  7251 | D:8      | Killed Amaemon
  7251 | D:8      | Reached *** piety under Okawaru
  7252 | D:8      | Reached skill level 12 in Ranged Weapons
  7252 | D:8      | Reached XP level 10. HP: 75/86 MP: 10/12
  7252 | D:8      | Killed an orange demon
  7328 | D:8      | Found a radiant altar of Vehumet.
  7328 | D:8      | Found a blossoming altar of Fedhas.
  7328 | D:8      | Found a glowing silver altar of Zin.
  7704 | D:8      | 7704 ||| DROPPING ring of fire.
  7705 | D:8      | 7705 ||| DROPPING +6 ring of strength.
  7706 | D:8      | 7706 ||| READING scroll labelled KEQULE GEREM.
  7707 | D:8      | 7707 ||| READING scroll labelled SIUNWU METEENA.
  7708 | D:8      | 7708 ||| READING scroll labelled GIYTA METANA.
  7760 | D:9      | HP: 22/88 [something (5)]
  8124 | D:9      | Noticed Erolcha
  8125 | D:9      | 8125 ||| INVOKING Heroism.
  8129 | D:9      | Killed Erolcha
  8178 | D:9      | Noticed a two-headed ogre
  8179 | D:9      | 8179 ||| INVOKING Heroism.
  8182 | D:9      | Killed a two-headed ogre
  8285 | D:9      | Reached skill level 13 in Ranged Weapons
  8289 | D:9      | Reached **** piety under Okawaru
  8368 | D:9      | Reached skill level 9 in Fighting
  8373 | D:9      | Identified the +0 pair of boots "Hinkih" {rC+}
  8437 | D:9      | 8437 ||| INVOKING Heroism.
  8613 | D:9      | 8613 ||| UPGRADING to +0 pair of boots.
  8618 | D:9      | 8618 ||| UPGRADING to +0 pair of boots "Hinkih" {rC+}.
  8628 | D:9      | 8628 ||| DROPPING +0 pair of boots.
  8653 | D:10     | Entered Level 10 of the Dungeon
  8655 | D:10     | 8655 ||| STAIRDANCE
  9011 | D:10     | Noticed Josephine
  9017 | D:10     | 9017 ||| DRINKING potion of curing.
  9017 | D:10     | 9017 ||| (to cure confusion)
  9019 | D:10     | Noticed Harold
  9020 | D:10     | 9020 ||| INVOKING Heroism.
  9020 | D:10     | Noticed Fannar
  9022 | D:10     | Reached XP level 11. HP: 38/94 MP: 11/14
  9022 | D:10     | Killed Josephine
  9022 | D:10     | Reached ***** piety under Okawaru
  9023 | D:10     | Reached skill level 6 in Invocations
  9027 | D:10     | Killed Harold
  9035 | D:10     | HP: 22/97 [Fannar/staff of cold (6)]
  9036 | D:10     | Killed Fannar
  9504 | D:10     | 9504 ||| Stepping ~*~*~tactically~*~*~ (outnumbered).
  9676 | D:10     | 9676 ||| UPGRADING to +2 robe of cold resistance.
  9686 | D:10     | 9686 ||| DROPPING +0 ring mail.
  9687 | D:10     | 9687 ||| READING scroll labelled TOSHORIRRI.
  9817 | D:10     | 9817 ||| DRINKING 2 metallic golden potions.
  9870 | D:10     | 9870 ||| DRINKING 2 pink potions.
  9870 | D:10     | Gained mutation: Your muscles are strong. (Str +4, Int/Dex
                  | -1) [potion of mutation]
  9870 | D:10     | Gained mutation: You expend magic power (3 MP) to
                  | strengthen your wands. [potion of mutation]
  9870 | D:10     | Gained mutation: You passively map a small area around you.
                  | [potion of mutation]
  9871 | D:10     | 9871 ||| DROPPING potion of lignification.
  9928 | D:11     | 9928 ||| INVOKING Heroism.
 10117 | D:11     | 10117 ||| INVOKING Heroism.
 10118 | D:11     | 10118 ||| INVOKING Finesse.
 10151 | D:11     | 10151 ||| INVOKING Finesse.
 10153 | D:11     | 10153 ||| Stepping ~*~*~tactically~*~*~ (cloud).
 10220 | D:11     | Found a staircase to the Lair.
 10240 | D:11     | Noticed a wizard
 10247 | Abyss:3  | Cast into level 3 of the Abyss (a wizard)
 10249 | Abyss:3  | Found a corrupted altar of Lugonu.
 10296 | Abyss:3  | Noticed a spatial maelstrom
 10300 | Abyss:3  | 10300 ||| INVOKING Heroism.
 10308 | Abyss:3  | Killed a spatial maelstrom
 10308 | Abyss:3  | Identified the +1 hat of Indomitability {Drain rC+ Int+3}
                  | (Okawaru gifted it to you on level 3 of the Abyss)
 10308 | Abyss:3  | Received a gift from Okawaru
 10339 | Abyss:3  | 10339 ||| INVOKING Heroism.
 10370 | Abyss:3  | 10370 ||| INVOKING Heroism.
 10410 | Abyss:3  | Noticed a tentacled monstrosity
 10415 | Abyss:3  | 10415 ||| INVOKING Heroism.
 10417 | Abyss:3  | Noticed a large abomination
 10418 | Abyss:3  | HP: 14/97 [tentacled monstrosity (12)]
 10418 | Abyss:3  | HP: 5/97 [constriction (9)]
 10419 | Abyss:3  | Killed a tentacled monstrosity
 10420 | Abyss:3  | Reached skill level 9 in Dodging
 10422 | Abyss:3  | Killed a large abomination
 10423 | Abyss:3  | Reached skill level 14 in Ranged Weapons
 10423 | Abyss:3  | Reached skill level 9 in Invocations
 10500 | Abyss:3  | 10500 ||| INVOKING Heroism.
 10620 | Abyss:3  | Noticed a profane servitor
 10623 | Abyss:3  | 10623 ||| INVOKING Heroism.
 10626 | Abyss:3  | HP: 19/96 [profane servitor/+1 antimagic whip (7)]
 10626 | Abyss:3  | HP: 9/96 [profane servitor/+1 antimagic whip (10)]
 10627 | Abyss:3  | Mangled by a profane servitor

Levels and vault maps discovered:
D:1:      wheals_arrival_linesprint, layout_loops_cross,
          dreamdust_ecumenical_altar_hidden_monk_grotto
D:2:      layout_rooms, kennysheep_decorative_pillar,
          nicolae_elevator_lobby_plus
D:3:      layout_loops_corners, serial_co_window_serial, co_window_paths_b,
          co_window_of_opportunity_a, co_window_paths_a,
          co_window_of_opportunity_a, co_window_corner_a,
          co_window_of_opportunity_a, co_window_of_opportunity_a,
          co_window_paths_b, co_window_cross_1, co_window_broadway_b,
          co_window_2corner, co_window_unsneaky_path_e, co_window_2corner,
          co_window_corner_cb, co_window_corner_b, co_window_4corner_a,
          hellmonk_no_cap
D:4:      layout_loops_ring, serial_shops, nicolae_shop_tiny_real_fake_doors,
          chequers_serial_rivers_micro_a, uniq_crazy_yiuf_cottage
D:5:      layout_basic, old_standard_altar, minmay_temple_entry_statues_pillars,
          minmay_crystal_room
D:6:      layout_loops_ring, nicolae_shop_clearance, uniq_edmund
D:7:      layout_basic, minmay_crossroads
D:8:      layout_loops_ring, gammafunk_temple_overflow_pools, marbit_many_paths,
          gammafunk_temple_overflow_forgotten, worms_lemuel, uniq_amaemon
D:9:      layout_irregular_city, uniq_erolcha
D:10:     layout_layer_cave, nicolae_sextant, uniq_josephine, uniq_fannar,
          uniq_harold
D:11:     cheibrodos_frozen_isle, layout_stronghold, lair_entry_dummy,
          kb_rosetta
Temple:   regret_index_temple_generic_petals
Abyss:3:  base: D:11, abyss_exit_lava, hangedman_abyss_overflow_altar,
          hangedman_abyss_town, hangedman_abyss_rune_macabre_mess,
          evilmike_abyss_exit_8, bh_abyss_xom_lugonu_altar,
          spicy_abyss_unhelpful_harpoons

Skill      XL: |  1  2  3  4  5  6  7  8  9 10 11 |
---------------+----------------------------------+-----
Ranged Weapons | 3 4 5 6 7 8 10 12 13 14 | 14.0
Fighting       | 2 3 4 5 6 7 9 |  9.1
Armour         | 1 2 3 4 |  4.0
Dodging        | 3 5 6 7 9 |  9.4
Invocations    | 3 4 5 9 |  9.1
Spellcasting   | |  1.0
Hexes          | |  2.0

Action                     |  1- 3 |  4- 6 |  7- 9 | 10-12 || total
---------------------------+-------+-------+-------+-------++-------
   Fire: Sling             |    64 |       |       |       ||    64
         Hand crossbow     |    39 |    83 |   166 |   215 ||   503
 Invoke: Heroism           |       |       |     5 |    12 ||    17
         Finesse           |       |       |       |     2 ||     2
    Use: Scroll            |     7 |     2 |     2 |     4 ||    15
         Potion            |       |     3 |       |     3 ||     6
 Armour: Robe              |     3 |       |       |     3 ||     6
         Ring mail         |     3 |    12 |    11 |    18 ||    44
  Dodge: Dodged            |    20 |    18 |    62 |   131 ||   231

Table legend:
 A = Non-vault XP
 B = Vault XP
 C = Vault XP percentage of total XP
 D = Non-vault monster count
 E = Vault monster count
 F = Vault count percentage of total count
                 A         B        C        D         E       F
            +---------+---------+-------+---------+---------+-------
      Total |   14302 |    7144 |  33.3 |     219 |      29 |  11.7
            +---------+---------+-------+---------+---------+-------
        D:1 |      36 |       0 |   0.0 |      20 |       0 |   0.0
        D:2 |      42 |       0 |   0.0 |      19 |       0 |   0.0
        D:3 |     210 |      41 |  16.3 |      24 |       2 |   7.7
        D:4 |     374 |       0 |   0.0 |      22 |       0 |   0.0
        D:5 |     802 |       0 |   0.0 |      25 |       0 |   0.0
        D:6 |     936 |     169 |  15.3 |      23 |       1 |   4.2
        D:7 |    1046 |     342 |  24.6 |      19 |       3 |  13.6
        D:8 |     530 |    1521 |  74.2 |      10 |       5 |  33.3
        D:9 |    2772 |     878 |  24.1 |      19 |       1 |   5.0
       D:10 |    1072 |    3692 |  77.5 |      20 |       8 |  28.6
       D:11 |    1918 |     501 |  20.7 |       9 |       9 |  50.0
    Abyss:3 |    4564 |       0 |   0.0 |       9 |       0 |   0.0
            +---------+---------+-------+---------+---------+-------
